 Dungeon Crawl Stone Soup version 0.27.1-3-gb3d3a73c9e (webtiles) character file.

Game seed: 1757868190801916817

16 BuzzyBeetle the Firebug (level 2, -8/20 HPs)
             Began as a Hill Orc Fire Elementalist on Oct 16, 2021.
             Mangled by a gnoll (12 damage)
             ... on level 1 of the Dungeon.
             The game lasted 00:02:42 (440 turns).

BuzzyBeetle the Firebug (Hill Orc Fire Elementalist) Turns: 440, Time: 00:02:42

Health: -8/20      AC:  2    Str: 10    XL:     2   Next: 54%
Magic:  1/4        EV: 12    Int: 15    God:
Gold:   27         SH:  0    Dex: 11    Spells: 3/4 levels left

rFire    . . .     SeeInvis .   d - staff of earth
rCold    . . .     Faith    .   (no shield)
rNeg     . . .     Spirit   .   a - +0 robe
rPois    .         Reflect  .   (no helmet)
rElec    .         Harm     .   (no cloak)
rCorr    .         Rampage  .   (no gloves)
Will     .....                  (no boots)
Stlth    ++........             (no amulet)
HPRegen  0.06/turn              (no ring)
MPRegen  0.09/turn              (no ring)

@: no status effects
A: no striking features
a: no special abilities


You were on level 1 of the Dungeon.
You visited 1 branch of the dungeon, and saw 1 of its levels.

You collected 27 gold pieces.

Inventory:

Hand Weapons
 b - a +0 spear
Armour
 a - a +0 robe (worn)
Magical Staves
 d - a staff of earth (weapon)
Scrolls
 c - a scroll of enchant armour {unknown}
 e - a scroll of identify {unknown}
Potions
 f - a potion of invisibility {unknown}


   Skills:
 + Level 1.6 Dodging
 + Level 1.6 Stealth
 + Level 1.9 Spellcasting
 + Level 1.0 Conjurations
 + Level 3.7 Fire Magic


You had 3 spell levels left.
You knew the following spells:

 Your Spells              Type           Power      Damage    Failure   Level
a - Foxfire               Conj/Fire      32%        2x1d5     9%          1

Your spell library contained the following spells:

 Spells                   Type           Power      Damage    Failure   Level
 Conjure Flame            Conj/Fire      8%         6-21      26%         3
 Inner Flame              Hex/Fire       7%         N/A       30%         3
 Sticky Flame             Conj/Fire      8%         2d3       63%         4
 Fireball                 Conj/Fire      4%         3d4       93%         5


Dungeon Overview and Level Annotations

Branches:
Dungeon (1/15)

Altars:


Message History

You hit the endoplasm.
You kill the endoplasm!
A ball python comes into view.
Casting: Foxfire (safe; 9% risk of failure)
Confirm with . or Enter, or press ? or * to list all spells.
You conjure some foxfire!
The foxfire hits the ball python.
The ball python is heavily wounded.
The foxfire hits the ball python.
You kill the ball python!
f - a golden potion You open the door.
There is an open door here.
A gnoll comes into view. It is wielding a +0 flail.
The gnoll shouts!
Casting: Foxfire (safe; 9% risk of failure)
Confirm with . or Enter, or press ? or * to list all spells.
You conjure some foxfire!
A frilled lizard comes into view.
The foxfire hits the gnoll.
The gnoll is moderately wounded.
The foxfire hits the gnoll.
The gnoll is heavily wounded.
Casting: Foxfire (safe; 9% risk of failure)
Confirm with . or Enter, or press ? or * to list all spells.
You conjure some foxfire!
The gnoll hits you with a +0 flail!
Ouch! That really hurt!
* * * LOW HITPOINT WARNING * * *
Your foxfire dissipates!
The foxfire hits the gnoll.
The gnoll is heavily wounded.
There is an open door here.
You hit the gnoll.
The gnoll is severely wounded.
The gnoll barely misses you.
You hit the gnoll.
The gnoll is severely wounded.
The gnoll hits you with a +0 flail!
Ouch! That really hurt!
You die...

## .# .#.#..#.# #.# .# .#
......#.####.##.##. .#
................. ≈#
............#.# ≈#
#............# ≈#
#....###.....# ≈#
#....l.#.....### ≈#
#.....g@.......+ ≈#
#.#.#....#.....### ≈#
#.#.##..##.....# ≈#
#.#.##..##.....# ≈#
###.#.##...#.....# ≈#
#................# ≈#
#...#.##...#.#...#
≈#.###...#.#..........#
≈#.......................


You could see a gnoll and a frilled lizard.

Vanquished Creatures
  3 ball pythons (D:1)
  2 bats (D:1)
  2 endoplasms (D:1)
  3 hobgoblins (D:1)
  A quokka (D:1)
  A frilled lizard (D:1)
  2 rats (D:1)
14 creatures vanquished.

Vanquished Creatures (others)
  31 foxfires (D:1)
31 creatures vanquished.

Grand Total: 45 creatures vanquished

Notes
Turn   | Place    | Note
-------+----------+-------------------------------------------
     0 | D:1      | BuzzyBeetle the Hill Orc Fire Elementalist began the quest
                  | for the Orb.
     0 | D:1      | Reached XP level 1. HP: 14/14 MP: 3/3
   185 | D:1      | Reached XP level 2. HP: 20/20 MP: 1/4
   294 | D:1      | Found a faded altar of an unknown god.
   440 | D:1      | Mangled by a gnoll

Illustrated notes

Levels and vault maps discovered:
D:1:      zaba_arrival_water, layout_basic, dreamdust_ecumenical_altar_statues

Action                   || total
-------------------------++-------
Melee: Unarmed           ||     3
       Staff             ||     8
 Cast: Foxfire           ||    17
Armor: Robe              ||     1
Dodge: Dodged            ||     5
